 Dungeon Crawl Stone Soup version 0.26-a0-1164-g1a551d6a14 (webtiles) character file.

Game seed: 13582604349062818491

479 melloss the Shield-Bearer (level 7, 0/57 HPs)
             Began as a Hill Orc Fighter on Dec 23, 2020.
             Was an Initiate of Okawaru.
             Slain by an ogre
             ... wielding a +0 giant spiked club
              (10 damage)
             ... on level 3 of the Dungeon.
             The game lasted 00:14:34 (4642 turns).

melloss the Shield-Bearer (Hill Orc Fighter)        Turns: 4642, Time: 00:14:35

Health: 0/57       AC:  8    Str: 19    XL:     7   Next: 11%
Magic:  10/10      EV:  8    Int: 10    God:    Okawaru [......]
Gold:   248        SH: 10    Dex: 10    Spells: 10/10 levels left

rFire    + + .     SeeInvis .   a - +0 rapier
rCold    x . .     Faith    .   c - +0 kite shield
rNeg     . . .     Spirit   .   n - +2 ring mail {rF+}
rPois    .         Reflect  .   (no helmet)
rElec    .         Harm     .   (no cloak)
rCorr    .         Rampage  .   (no gloves)
Will     .....                  (no boots)
Stlth    ..........             (no amulet)
HPRegen  0.19/turn              r - ring of fire
MPRegen  0.12/turn              (no ring)

@: no status effects
A: no striking features
a: Renounce Religion


You were on level 3 of the Dungeon.
You worshipped Okawaru.
Okawaru was noncommittal.
You visited 1 branch of the dungeon, and saw 4 of its levels.

You collected 248 gold pieces.

Inventory:

Hand Weapons
 a - a +0 rapier (weapon)
Missiles
 h - 19 poisoned darts (quivered)
Armour
 b - a +0 scale mail
 c - a +0 kite shield (worn)
 n - a +2 ring mail of fire resistance (worn)
 s - a cursed +0 robe
Jewellery
 r - a ring of fire (left hand)
Scrolls
 e - 4 scrolls of teleportation {unknown}
 g - 2 scrolls of magic mapping {unknown}
 i - 2 scrolls of random uselessness {unknown}
 k - a scroll of blinking {unknown}
 l - a scroll of identify {unknown}
 m - a scroll of immolation {unknown}
 o - a scroll of enchant armour {unknown}
 p - a scroll of remove curse {unknown}
Potions
 d - a potion of might
 f - 4 potions of curing {unknown}
 j - a potion of attraction {unknown}
 q - a potion of haste


   Skills:
 - Level 3.6 Fighting
 - Level 2.0 Short Blades
 - Level 5.0 Armour
 + Level 6.8 Shields
 + Level 2.2 Spellcasting


You had 10 spell levels left.
You didn't know any spells.
Your spell library was empty.

Dungeon Overview and Level Annotations

Branches:
Dungeon (4/15)
 Temple: D:4-7

Altars:
Dithmenos
Okawaru
Sif Muna

Annotations:
D:4 Menkaure


Message History

The howler monkey hits you.
You hit the ogre.
The ogre is almost dead.
You block the ogre's attack.
Menkaure calls on the powers of darkness!
The worker ant convulses!
The ogre convulses!
The howler monkey convulses!
Your body is wracked with pain!
The howler monkey barely misses you.
Menkaure points at you and mumbles some strange words.
Pain shoots through your body!
* * * LOW HITPOINT WARNING * * *
The howler monkey barely misses you. The ogre barely misses you.
You climb upwards.
There is a stone staircase leading down here.
The howler monkey hits you.
* * * LOW HITPOINT WARNING * * *
You block the howler monkey's attack.
You hit the ogre.
The ogre is almost dead.
The ogre hits you with a +0 giant spiked club!
You die...

'#####.##.##.###.# #.##.#####
..####.##.##.###.# #.##......
_##....##.##.....#
##.##.####.
######.##^##.###.######.....#
#. #.##....# #........#...#
#. #.#######
#.######.#...####. # ##.# #.#
###≈≈≈≈≈≈#. ## #.<####### #.#
#...####. .# #........# #@#
##..##... .# #)######.# #O#
#..##... .####)# #†# #h#
#....... ....#.# ###.###.#
#.#####. ....#(#
#.......#########.# ###.
###.#)# #.#...>...........#
#... #...#)#
#.################# #...
....#.# #.# #... #....)####.#
###.


You could see an ogre and a howler monkey.

Vanquished Creatures
  A phantom (D:3)
  An orc priest (D:3)
  2 hounds (D:4)
  Natasha (thrice) (D:3)
  Robin (D:3)
  3 gnolls (D:2)
  A howler monkey skeleton (D:4)
  5 adders
  5 worms
  2 dart slugs
  3 leopard geckos
  12 orcs
  4 giant cockroaches
  21 goblins
  6 hobgoblins
  3 jackals (D:3)
  15 kobolds
  2 quokkas
  5 bats
  13 frilled lizards
  12 rats
120 creatures vanquished.

Notes
Turn   | Place    | Note
-------+----------+-------------------------------------------
     0 | D:1      | melloss the Hill Orc Fighter began the quest for the Orb.
     0 | D:1      | Reached XP level 1. HP: 19/19 MP: 1/1
   161 | D:1      | Reached XP level 2. HP: 26/26 MP: 2/2
   567 | D:1      | Reached XP level 3. HP: 31/31 MP: 3/3
   685 | D:2      | Reached skill level 4 in Shields
  1158 | D:2      | Reached XP level 4. HP: 29/39 MP: 4/4
  2258 | D:3      | Noticed a phantom
  2281 | D:3      | Reached XP level 5. HP: 18/45 MP: 5/5
  2532 | D:3      | Killed a phantom
  2533 | D:3      | Reached skill level 5 in Armour
  2533 | D:3      | Reached skill level 5 in Shields
  2925 | D:2      | Reached XP level 6. HP: 7/51 MP: 6/6
  3248 | D:3      | Reached skill level 6 in Shields
  3257 | D:3      | Reached skill level 1 in Spellcasting
  3257 | D:3      | Noticed Robin
  3268 | D:3      | Killed Robin
  3437 | D:3      | Found a shimmering blue altar of Sif Muna.
  3454 | D:3      | Found a shadowy altar of Dithmenos.
  3463 | D:3      | Found an iron altar of Okawaru.
  3483 | D:3      | Became a worshipper of Warmaster Okawaru
  3968 | D:3      | Noticed Natasha
  3974 | D:3      | Killed Natasha
  4281 | D:3      | Noticed Natasha
  4289 | D:3      | Killed Natasha
  4448 | D:3      | Noticed Natasha
  4458 | D:3      | Killed Natasha
  4496 | D:4      | Reached XP level 7. HP: 44/57 MP: 8/10
  4631 | D:4      | Noticed Menkaure
  4642 | D:3      | Slain by an ogre

Illustrated notes

Levels and vault maps discovered:
D:1:      erik_arrival_triangle_small, layout_rooms, minmay_lizard_pond
D:2:      layout_basic
D:3:      layout_loops_ring, grunt_temple_overflow_diamond,
          cheibrodos_sewer_entry_bend, chequers_serial_rivers_micro_b,
          hangedman_decor_lopped, uniq_robin, uniq_natasha
D:4:      layout_basic, lemuel_doored_altar, minmay_temple_entry_arrows,
          serial_shops, shop, shop, shop, kennysheep_mini, nicolae_shop_stone,
          uniq_menkaure

Skill      XL: |  1  2  3  4  5  6 |
---------------+-------------------+-----
Armour         | 4 5 |  5.0
Shields        | 4 5 6 |  6.8
Spellcasting   | 2 |  2.2
Fighting       | |  3.6
Short Blades   | |  2.0

Action                   |  1- 3 |  4- 6 |  7- 9 || total
-------------------------+-------+-------+-------++-------
Melee: Rapier            |   138 |   378 |    18 ||   534
Throw: Dart              |       |     4 |       ||     4
Armor: Scale mail        |    58 |    89 |       ||   147
       Ring mail         |       |    28 |     6 ||    34
Dodge: Dodged            |    43 |    91 |    11 ||   145
Block: Kite shield       |    70 |   195 |     9 ||   274

Table legend: (Time is in decaauts)
 A = Elapsed time spent in this place.
 B = Non-inter-level travel time spent in this place.
 C = Inter-level travel time spent in this place.
 D = Time resting spent in this place.
 E = Time spent auto-exploring this place.
 F = Levels seen in this place.
 G = Mean time per level.
                   A        B        C        D        E       F      G
               +--------+--------+--------+--------+--------+-----+--------+
         Total |   4757 |   4675 |     82 |    939 |   2241 |   4 | 1189.2 |
       Dungeon |   4757 |   4675 |     82 |    939 |   2241 |   4 | 1189.2 |
               +--------+--------+--------+--------+--------+-----+--------+

Top non-repeatable levels by time:
     D:3: 1945 daAuts
     D:2: 1919 daAuts
     D:1: 713 daAuts
     D:4: 178 daAuts
